 Dungeon Crawl Stone Soup version 0.31.0-12-g77e489cdc1 (webtiles) character file.

Game seed: 12246500095362170964

107 lordive the Shooter (level 4, -1/38 HPs)
             Began as a Minotaur Hunter on Feb 28, 2024.
             Slain by a gnoll
             ... wielding a +0 halberd
              (6 damage)
             ... on level 3 of the Dungeon.
             The game lasted 00:03:33 (1998 turns).

lordive the Shooter (Minotaur Hunter)               Turns: 1998, Time: 00:03:34

Health: -1/38      AC: 10    Str: 16    XL:     4   Next: 57%
Magic:  3/3        EV:  8    Int:  6    God:
Gold:   137        SH:  0    Dex: 15    Spells: 3/3 levels left

rFire   . . .        a - +0 shortbow
rCold   + . .        (shield currently unavailable)
rNeg    . . .        b - +2 chain mail {rC+}
rPois   .            f - +0 hat
rElec   .            (no cloak)
rCorr   .            (no gloves)
SInv    .            (no boots)
Will    .....        (no amulet) Stlth
                     (no ring)
HPRegen 0.26/turn    (no ring)
MPRegen 0.08/turn

%: no passive effects
@: no status effects
A: horns 2, retaliatory headbutt
a: no special abilities


You were on level 3 of the Dungeon.
You visited 1 branch of the dungeon, and saw 3 of its levels.

You collected 137 gold pieces.

Inventory:

Hand Weapons
 a - a +0 shortbow (weapon)
Armour
 b - a +2 chain mail of cold resistance (worn)
 c - a +0 leather armour
 f - a +0 hat (worn)
Scrolls
 d - a scroll of enchant weapon {unknown}
 e - a scroll of poison {unknown}
 i - a scroll of revelation {unknown}
 j - a scroll of identify {unknown}
Potions
 g - 2 potions of enlightenment {unknown}
 h - a potion of degeneration {unknown}


   Skills:
 + Level 3.2 Fighting
 + Level 5.7 Ranged Weapons
 * Level 1.8 Armour
 * Level 2.8 Dodging
 - Level 0.7 Stealth


You had 3 spell levels left.
You didn't know any spells.
Your spell library contained the following spells:

 Spells                   Type           Power      Damage    Failure   Level
 Apportation              Tloc           0%         N/A       100%        1
 Jinxbite                 Hex            0%         N/A       100%        2
 Alistair's Intoxication  Alch           0%         N/A       100%        5


Dungeon Overview and Level Annotations

Branches:
Dungeon (3/15)

Altars:
Xom


Innate Abilities, Weirdness & Mutations

You have a pair of horns on your head.
You reflexively headbutt those who attack you in melee.


Message History

The gnoll barely misses you.
You shoot an arrow.
The arrow hits the gnoll but does no damage.
The gnoll is almost dead.
The gnoll hits you but does no damage.
You shoot an arrow. The arrow hits the gnoll.
You kill the gnoll!
The gnoll hits you but does no damage.
The gnoll hits you from afar with a +0 halberd.
The gnoll barely misses you.
The gnoll hits you from afar with a +0 halberd.
The gnoll hits you from afar with a +0 spear.
You shoot an arrow. The arrow hits the gnoll!
The gnoll is heavily wounded.
The gnoll hits you but does no damage. The gnoll barely misses you.
The gnoll hits you from afar with a +2 spear of freezing.
The gnoll freezes you.
You are too injured to fight recklessly!
You are too injured to fight recklessly!
Fire: a) +0 shortbow
Press: ? - help, Q - select action Shift-Dir - straight line, f/p - gnoll
Aim: a gnoll, wielding a +0 spear (heavily wounded, 65% to hit)
You shoot an arrow.
The arrow hits the gnoll but does no damage.
The gnoll is heavily wounded.
The gnoll hits you but does no damage. x2
The gnoll hits you from afar with a +0 halberd!
The gnoll hits you but does no damage.
The gnoll hits you from afar with a +2 spear of freezing.
* * * LOW HITPOINT WARNING * * *
The gnoll freezes you.
* * * LOW HITPOINT WARNING * * *
The gnoll hits you but does no damage. The gnoll attacks as it pursues you!
The gnoll hits you from afar with a +0 halberd!
* * * LOW HITPOINT WARNING * * *
The gnoll attacks as it pursues you! The gnoll misses you.
The gnoll attacks as it pursues you!
The gnoll hits you from afar with a +0 halberd.
You die...

....#... #.#.#..####
#.#.#..... #.#.#...#
############## #.#.#...####
###............. ..#.).......
..#.####.....### ........#
#.#.#...........
..#.....######.#<............
#.#............#@#.##.....###
#.###....##......#.##.....#
... #.#.......#.g#.##[....#
..#.#.#.###.#.#..#.########
###.#.......#.#g.#.#
......#.###.#.#g.#..
##....#+#####..###..
##...............+
.#........#####..#


You could see 3 gnolls.

Vanquished Creatures
  Terence (D:1)
  3 adders
  A gnoll (D:3)
  2 ribbon worms
  2 ball pythons
  3 bats
  6 endoplasms
  4 goblins
  4 hobgoblins
  6 kobolds
  A quokka (D:1)
  4 frilled lizards
  7 rats
44 creatures vanquished.

Notes
Turn   | Place    | Note
-------+----------+-------------------------------------------
     0 | D:1      | lordive the Minotaur Hunter began the quest for the Orb.
     0 | D:1      | Reached XP level 1. HP: 18/18 MP: 0/0
   180 | D:1      | Reached XP level 2. HP: 25/25 MP: 1/1
   898 | D:2      | Noticed Terence
  1036 | D:1      | Killed Terence
  1037 | D:1      | Reached skill level 5 in Ranged Weapons
  1037 | D:1      | Reached XP level 3. HP: 6/31 MP: 2/2
  1135 | D:2      | Found a faded altar of an unknown god.
  1228 | D:2      | Reached skill level 1 in Armour
  1501 | D:2      | Reached XP level 4. HP: 38/38 MP: 3/3
  1804 | D:3      | Found a shimmering altar of Xom.
  1998 | D:3      | Slain by a gnoll

Illustrated notes

Levels and vault maps discovered:
D:1:      dpeg_arrival_tiny_g, layout_basic, minmay_shallow_snake_nest
D:2:      layout_basic, chequers_ecumenical_altar_simple_redux,
          minmay_tromino_i4, uniq_terence
D:3:      layout_basic, overflow_temple_1_default

Skill      XL: |  1  2  3 |
---------------+----------+-----
Fighting       | 3 |  3.2
Ranged Weapons | 5 |  5.7
Armour         | 1 |  1.8
Dodging        | |  2.8
Stealth        | |  0.7

Action                     |  1- 3 |  4- 6 || total
---------------------------+-------+-------++-------
   Fire: Shortbow          |   106 |    35 ||   141
    Use: Scroll            |     1 |       ||     1
 Armour: Leather armour    |    27 |       ||    27
         Chain mail        |    24 |    22 ||    46
  Dodge: Dodged            |    19 |    10 ||    29
